Map: Site Delta LE

Players

ONSYDEMaru (Maru)

  • Race: Terran Terran
  • Spawn Location: 11:00

DKZDark (Dark) - Winner!

  • Race: Zerg Zerg
  • League: Master
  • Spawn Location: 5:00

VOD

Have the link to the VOD?

Description

Time

  • Played on: Dec. 20, 2023, 7:30 a.m.
  • Length: 4:02
Show
View Real Time Build Order
Export as new Build Order

ONSYDEMaru Terran 

Build Orders:  

Get SALT Encoding   

  12  0:00  SCV  
  13  0:12  SCV  
  14  0:17  Supply Depot  
  14  0:24  SCV  
  15  0:39  SCV  
  15  0:40  Barracks  
  16  0:51  SCV  
  16  0:52  Refinery  
  17  1:03  SCV  
  18  1:15  SCV  
  19  1:27  Orbital Command, Marine  
  20  1:36  Command Center  
  20  1:45  Marine  
  21  1:50  Supply Depot  
  21  1:54  SCV  
  22  2:02  Factory  
  22  2:06  SCV  
  23  2:10  Refinery  
  23  2:18  SCV  
  23  2:20  Bunker  
  23  2:22  Barracks Reactor  
  24  2:30  SCV  
  24  2:32  Barracks  
  25  2:42  SCV  
  26  2:48  Orbital Command  
  26  2:54  SCV  
  26  2:56  Starport  
  27  2:58  Factory Tech Lab  
  27  3:03  Marine  
  27  3:04  Marine  
  29  3:06  SCV  
  30  3:15  SCV  
  30  3:19  Barracks Tech Lab  
  31  3:20  SCV  
  31  3:21  Marine  
  31  3:22  Marine  
  34  3:27  SCV  
  34  3:32  SCV  
  34  3:33  Supply Depot  
  36  3:41  Marine  
  39  3:43  SCV  
Show
View Real Time Build Order
Export as new Build Order

DKZDark Zerg - Winner!

Build Orders: Hatch First, Zergling Baneling 

Get SALT Encoding   

  12  0:00  Drone  
  13  0:12  Overlord  
  13  0:16  Drone  
  14  0:31  Drone x2  
  16  0:48  Hatchery  
  15  0:52  Drone  
  15  0:54  Drone  
  17  0:57  Drone  
  18  1:08  Extractor  
  17  1:13  Spawning Pool  
  17  1:15  Drone  
  17  1:19  Drone  
  18  1:28  Drone  
  19  1:41  Drone  
  20  1:49  Drone  
  21  2:01  Queen x2  
  23  2:02  Zergling x4  
  27  2:11  Metabolic Boost  
  27  2:13  Overlord  
  27  2:22  Overlord  
  27  2:30  Baneling Nest  
  27  2:31  Zergling x2  
  27  2:32  Zergling x2  
  28  2:39  Overlord  
  28  2:41  Zergling x2  
  28  2:42  Zergling x2  
  30  2:44  Zergling x2  
  31  2:53  Zergling x2  
  31  2:54  Zergling x2  
  33  3:09  Zergling x14  
  40  3:15  Baneling x4  
  40  3:17  Baneling  
  40  3:18  Zergling x2  
  41  3:21  Zergling x2  
  41  3:25  Baneling, Zergling x2  
  43  3:30  Zergling x2  
  43  3:33  Baneling  
  42  3:47  Baneling  
Tags
 
League
Master
Matchup
TvZ
Player
DarkMaru
Replay Pack
December 2023
Spawn Locations
Cross Positions
Add a new tag
Caveats
  • Supply blocks, unpowered buildings, or Contaminate may cause inaccurate times.
  • Supply counts are checked every 10 seconds.